 Dungeon Crawl Stone Soup version 0.26-a0-1107-g6118521029 (webtiles) character file.

Game seed: 11972840877070026519

219 robertstho the Slinger (level 6, -2/41 HPs)
             Began as a Halfling Hunter on Dec 16, 2020.
             Slain by a gnoll
             ... wielding a +2 spear of distortion
              (18 damage)
             ... on level 2 of the Dungeon.
             The game lasted 00:03:03 (1637 turns).

robertstho the Slinger (Halfling Hunter)            Turns: 1637, Time: 00:03:03

Health: -2/41      AC:  6    Str: 13    XL:     6   Next: 17%
Magic:  6/6        EV: 12    Int:  9    God:
Gold:   71         SH:  0    Dex: 17    Spells: 5/5 levels left

rFire    . . .     SeeInvis .   a - +1 hunting sling
rCold    . . .     Faith    .   (shield restricted)
rNeg     . . .     Spirit   .   m - +0 scale mail
rPois    .         Reflect  .   (no helmet)
rElec    .         Harm     .   (no cloak)
rCorr    .         Rampage  .   (no gloves)
Will     .....                  (no boots)
Stlth    +.........             (no amulet)
HPRegen  0.13/turn              (no ring)
MPRegen  0.10/turn              (no ring)

@: no status effects
A: small, mutation resistance 1
a: no special abilities


You were on level 2 of the Dungeon.
You visited 1 branch of the dungeon, and saw 2 of its levels.
You visited the Abyss 1 time.

You collected 71 gold pieces.

Inventory:

Hand Weapons
 a - a +1 hunting sling (weapon)
 b - a +0 short sword
 o - a +1 vorpal spear
Missiles
 d - 24 sling bullets
 j - 2 stones (quivered ammo)
Armour
 c - a +0 leather armour
 i - a +0 ring mail
 m - a +0 scale mail (worn)
Jewellery
 q - an uncursed amulet of the acrobat {unknown}
Wands
 s - a wand of digging (6)
Scrolls
 e - a scroll of magic mapping
 f - a scroll of immolation {unknown}
 r - a scroll of identify {unknown}
 t - a scroll of remove curse
Potions
 h - 2 potions of might {unknown}
 k - 2 potions of mutation {unknown}
 l - a potion of heal wounds {unknown}
 n - 2 potions of magic {unknown}
 p - a potion of lignification {unknown}


   Skills:
 * Level 2.7 Fighting
 * Level 8.7 Slings
 + Level 1.1 Armour
 + Level 2.2 Dodging
 * Level 2.5 Stealth


You had 5 spell levels left.
You didn't know any spells.
Your spell library was empty.

Dungeon Overview and Level Annotations

Branches:
Dungeon (2/15)

Altars:


Innate Abilities, Weirdness & Mutations

You are small and have problems with some larger weapons.
You are somewhat resistant to further mutation.


Message History

Your Slings skill increases to level 8!
Your Armour skill increases to level 1!
You have reached level 6!
Your experience leads to an increase in your attributes!
Increase (S)trength, (I)ntelligence, or (D)exterity?
You feel agile.
The substance of the Abyss twists violently, and a gateway leading out appears!
The insubstantial wisp blinks!
j - 2 stones (gained 1)
There is a gateway leading out of the Abyss here.
You pass through the gate.
Welcome back to the Dungeon!
Things that are here:
a stone; a +1 halberd of flaming Evoke which item? (* to show all) (? for menu, Esc to quit)
Okay, then.
You see here a quokka skeleton.
There is a stone staircase leading up, spattered with blood here.
The gnoll hits you from afar with a +2 spear of distortion.
Space warps horribly around you!!
You die...

#..#..........######
#..........>.......### ..
.....................##..
...#..............##....#
...#....................# # #
#..##.............#.#... .##.#
...#..................###.....
.[.............).............
................@.....##..#
...#...........).........##...
.#.............g..............
.#....................####...>
.#.##.................###.....
............รท.................
...........(............###..
...##....((...........###
.......((.###.######..#


You could see a gnoll.

Vanquished Creatures
  An insubstantial wisp (Abyss:1)
  4 adders (D:2)
  2 gnolls (D:2)
  2 oozes (D:2)
  A leopard gecko (D:1)
  2 ball pythons
  2 bats (D:1)
  4 giant cockroaches
  6 goblins
  9 hobgoblins
  A quokka (D:2)
  3 frilled lizards
  4 kobolds
  4 rats
45 creatures vanquished.

Notes
Turn   | Place    | Note
-------+----------+-------------------------------------------
     0 | D:1      | robertstho the Halfling Hunter began the quest for the Orb.
     0 | D:1      | Reached XP level 1. HP: 14/14 MP: 1/1
    50 | D:1      | Reached skill level 6 in Slings
   338 | D:1      | Reached XP level 2. HP: 19/19 MP: 2/2
   604 | D:1      | Reached XP level 3. HP: 24/24 MP: 3/3
   895 | D:2      | Reached skill level 7 in Slings
   895 | D:2      | Reached XP level 4. HP: 17/30 MP: 4/4
  1279 | D:2      | Reached XP level 5. HP: 24/35 MP: 5/5
  1557 | D:2      | Cast into level 1 of the Abyss (gnoll)
  1605 | Abyss:1  | Noticed an insubstantial wisp
  1612 | Abyss:1  | Noticed an insubstantial wisp
  1615 | Abyss:1  | Noticed an insubstantial wisp
  1626 | Abyss:1  | Killed an insubstantial wisp
  1627 | Abyss:1  | Reached skill level 8 in Slings
  1627 | Abyss:1  | Reached skill level 1 in Armour
  1627 | Abyss:1  | Reached XP level 6. HP: 17/41 MP: 6/6
  1630 | D:2      | Escaped the Abyss
  1637 | D:2      | Slain by a gnoll

Illustrated notes

Levels and vault maps discovered:
D:1:      tarquinn_simple_flora_water_f, layout_basic, feat_on_display
D:2:      layout_rooms, interstate_on_off, minmay_pentomino_u4

Skill      XL: |  1  2  3  4  5 |
---------------+----------------+-----
Slings         | 6 7 8 |  8.7
Fighting       | 2 |  2.7
Stealth        | 2 |  2.5
Armour         | 1 |  1.1
Dodging        | |  2.2

Action                   |  1- 3 |  4- 6 || total
-------------------------+-------+-------++-------
 Fire: Hunting sling     |    75 |   100 ||   175
  Use: Scroll            |     2 |       ||     2
       Potion            |       |     2 ||     2
Armor: Ring mail         |     1 |       ||     1
       Scale mail        |     9 |    13 ||    22
Dodge: Dodged            |    30 |    34 ||    64

Table legend: (Time is in decaauts)
 A = Elapsed time spent in this place.
 B = Non-inter-level travel time spent in this place.
 C = Inter-level travel time spent in this place.
 D = Time resting spent in this place.
 E = Time spent auto-exploring this place.
 F = Levels seen in this place.
 G = Mean time per level.
                   A        B        C        D        E       F      G
               +--------+--------+--------+--------+--------+-----+--------+
         Total |   1610 |   1558 |     52 |      0 |   1227 |   3 |  536.7 |
       Dungeon |   1541 |   1489 |     52 |      0 |   1191 |   2 |  770.5 |
         Abyss |     69 |     69 |      0 |      0 |     36 |   1 |   69.0 |
               +--------+--------+--------+--------+--------+-----+--------+

Top non-repeatable levels by time:
     D:1: 963 daAuts
     D:2: 577 daAuts
 Abyss:1: 69 daAuts
